 Dungeon Crawl Stone Soup version 0.23.2 (webtiles) character file.

Game seed: 17464838807452607985

192809 Cykl0x the Peltast (level 18, 0/155 HPs)
             Began as a Minotaur Fighter on Apr 2, 2019.
             Was the Champion of Makhleb.
             Slain by a wolf spider (20 damage)
             ... on level 4 of the Spider Nest on Apr 3, 2019.
             The game lasted 01:29:28 (27785 turns).

Cykl0x the Peltast (Minotaur Fighter)              Turns: 27785, Time: 01:29:29

Health: 0/155      AC: 21    Str: 27    XL:     18   Next: 5%
Magic:  25/25      EV: 14    Int:  7    God:    Makhleb [******]
Gold:   2776       SH: 27    Dex:  9    Spells: 17/17 levels left

rFire    . . .     SeeInvis +   L - +8 war axe of Haapy {freeze, rElec rN+ Str-3 Int+2}
rCold    . . .     Gourm    .   q - +3 large shield
rNeg     + . .     Faith    .   S - +3 plate armour {MR+}
rPois    +         Spirit   .   y - +1 hat {SInv}
rElec    +         Reflect  .   z - scarf {repulsion}
rCorr    .         Harm     .   H - +0 pair of gloves
MR       +++..                  (no boots)
Stlth    ..........             n - amulet of regeneration
HPRegen  0.75/turn              i - ring of poison resistance
MPRegen  0.19/turn              O - ring of protection from magic

@: lethally poisoned (0 -> -10), repel missiles
A: retaliatory headbutt, beak, horns 2, talons 1, repulsion field 1, wild magic
2
a: Minor Destruction, Lesser Servant of Makhleb, Major Destruction, Greater
Servant of Makhleb, Renounce Religion


You were on level 4 of the Spider Nest.
You worshipped Makhleb.
Makhleb was exalted by your worship.
You were not hungry.

You visited 5 branches of the dungeon, and saw 28 of its levels.
You also visited: Bailey, Ice Cave and Volcano.

You collected 4492 gold pieces.
You spent 1716 gold pieces at shops.

Inventory:

Hand Weapons
 L - the +8 war axe of Haapy (weapon) {freeze, rElec rN+ Str-3 Int+2}
   (You found it on level 12 of the Dungeon)

   It has been specially enchanted to freeze those struck by it, causing extra
   injury to most foes and up to half again as much damage against particularly
   susceptible opponents.
   It can also slow down cold-blooded creatures.
   It affects your strength (-3).
   It affects your intelligence (+2).
   It insulates you from electricity.
   It protects you from negative energy.
 V - a +6 broad axe
 W - a +1 broad axe of flaming
Missiles
 t - 58 tomahawks (quivered)
Armour
 q - a +3 large shield (worn)
 y - a +1 hat of see invisible (worn)
 z - a scarf of repulsion (worn)
 H - a +0 pair of gloves (worn)
 S - a +3 plate armour of magic resistance (worn)
Jewellery
 i - a ring of poison resistance (left hand)
 n - an amulet of regeneration (around neck)
 O - a ring of protection from magic (right hand)
 X - an uncursed ring of protection from cold
Wands
 c - a wand of enslavement (18)
 e - a wand of random effects (18)
 v - a wand of disintegration (18)
 w - a wand of acid (8)
 D - a wand of iceblast (23)
 F - a wand of flame (18)
 I - a wand of paralysis (35)
 J - a wand of polymorph (33)
 M - a wand of clouds (1)
Scrolls
 a - 4 scrolls of immolation
 l - 7 scrolls of identify
 o - 4 scrolls of blinking
 u - 3 scrolls of holy word
 x - 10 scrolls of remove curse
 A - 4 scrolls of fear
 G - a scroll of fog
 N - 3 scrolls of amnesia
 Q - 7 scrolls of teleportation
Potions
 b - a potion of resistance
 d - a potion of might
 g - 2 potions of agility
 h - 5 potions of brilliance
 j - 3 potions of invisibility
 m - 2 potions of lignification
 p - 7 potions of flight
 r - 3 potions of magic
 C - 4 potions of haste
 P - 2 potions of mutation
 R - a potion of ambrosia
Miscellaneous
 T - a phial of floods
 U - a sack of spiders
Comestibles
 f - 50 rations
 k - 3 chunks of flesh


   Skills:
 + Level 12.3 Fighting
   Level 0.5 Long Blades
 * Level 19.4 Axes
 + Level 4.5 Throwing
 + Level 12.2 Armour
 * Level 12.3 Dodging
 - Level 1.3 Stealth
 + Level 20.7 Shields
 - Level 1.2 Unarmed Combat
 * Level 10.6 Invocations
 - Level 1.1 Evocations


You had 17 spell levels left.
You didn't know any spells.
Your spell library contained the following spells:

 Spells                   Type           Power        Failure   Level  Hunger
 Beastly Appendage        Tmut           #.....       100%        1    ##.....
 Corona                   Hex            #......      100%        1    ##.....
 Magic Dart               Conj           #...         100%        1    ##.....
 Sting                    Conj/Pois      #...         100%        1    ##.....
 Summon Butterflies       Summ           #.......     100%        1    ##.....
 Summon Small Mammal      Summ           #...         100%        1    ##.....
 Blink                    Tloc           N/A          100%        2    ###....
 Call Imp                 Summ           #.......     100%        2    ###....
 Ensorcelled Hibernation  Hex/Ice        #.....       100%        2    ###....
 Poisonous Vapours        Pois/Air       #.....       100%        2    ###....
 Slow                     Hex            #.......     100%        2    ###....
 Sticks to Snakes         Tmut           #.......     100%        2    ###....
 Call Canine Familiar     Summ           #.......     100%        3    ####...
 Confuse                  Hex            #.......     100%        3    ####...
 Conjure Flame            Conj/Fire      #.......     100%        3    ####...
 Dazzling Spray           Conj/Hex       #.....       100%        3    ####...
 Inner Flame              Hex/Fire       #.......     100%        3    ####...
 Lesser Beckoning         Tloc           #.........   100%        3    ####...
 Mephitic Cloud           Conj/Pois/Air  #.......     100%        3    ####...
 Portal Projectile        Hex/Tloc       #.....       100%        3    ####...
 Spider Form              Tmut/Pois      #.........   100%        3    ####...
 Tukima's Dance           Hex            #.......     100%        3    ####...
 Cause Fear               Hex            #.........   100%        4    #####..
 Ice Form                 Ice/Tmut       #.......     100%        4    #####..
 Leda's Liquefaction      Hex/Erth       #.........   100%        4    #####..
 Olgreb's Toxic Radiance  Pois           #.......     100%        4    #####..
 Summon Ice Beast         Ice/Summ       #.......     100%        4    #####..
 Blade Hands              Tmut           #.........   100%        5    ######.
 Summon Mana Viper        Hex/Summ       #.......     100%        5    ######.
 Venom Bolt               Conj/Pois      #.........   100%        5    ######.
 Yara's Violent Unravell  Hex/Tmut       #.........   100%        5    ######.
 Freezing Cloud           Conj/Ice/Air   #.........   100%        6    #######
 Statue Form              Tmut/Erth      #........    100%        6    #######
 Dragon Form              Tmut           #.........   100%        7    #######
 Ring of Flames           Chrm/Fire      #.........   100%        7    #######
 Summon Hydra             Summ           #.........   100%        7    #######
 Controlled Blink         Tloc           N/A          100%        8    #######
 Disjunction              Tloc           #.........   100%        8    #######


Dungeon Overview and Level Annotations

Branches:
Dungeon (15/15)            Temple (1/1) D:6            Lair (6/6) D:10
 Shoals (0/4) Lair:3       Spider (4/4) Lair:3        Slime (0/5) Lair:6
    Orc (2/2) D:12            Elf (0/3) Orc:2        Vaults (0/5) D:14
 Depths (0/5) D:15

Altars:
Cheibriados
Elyvilon
Fedhas
Gozag
Hepliaklqana
Kikubaaqudgha
Makhleb
Nemelex Xobeh
Ru
Trog
Wu Jian
Yredelemnul
Zin
Beogh

Shops:
D:9 *   Orc:2 [(}*:

Annotations:
D:14 1 runed translucent door
Lair:4 3 runed translucent doors, Meegle's ghost, journeyman DEFE


Innate Abilities, Weirdness & Mutations

You reflexively headbutt those who attack you in melee.
You have a pair of horns on your head.
You have a beak for a mouth.
You have sharp toenails.
You are surrounded by a mild repulsion field. (EV +2)
Your spells are harder to cast, but more powerful.


Message History

You hit the wolf spider but do no damage.
You closely miss the wolf spider.
You feel sick. You block the wolf spider's attack.
The wolf spider bites you but does no damage.
The wolf spider hits you!! The wolf spider bites you!
* * * LOW HITPOINT WARNING * * *
You block the wolf spider's attack.
The wolf spider bites you but does no damage.
The wolf spider barely misses you. You furiously retaliate!
You headbutt the wolf spider! The wolf spider closely misses you.
The wolf spider hits you!!
* * * LOW HITPOINT WARNING * * *
The wolf spider closely misses you.
You closely miss the wolf spider. Your kick misses the wolf spider.
Your headbutt misses the wolf spider. Your peck misses the wolf spider.
The wolf spider is severely wounded.
You hit the wolf spider. You freeze the wolf spider. You slash the wolf spider!
You freeze the wolf spider.
You feel sick. You block the wolf spider's attack. x2
The wolf spider hits you!!
You die... .≈.≈##≈≈ ...≈... ≈## #≈..... ..# #$....# ≈.≈ #≈...##≈^ #≈.y.≈# #sss#

#'@'# ####'''####
#.........####
........(......#
.............^.#
...........#####
..............###
#.....^..#......##
....#....#.......#


You could see 3 wolf spiders and a moth of wrath.

Vanquished Creatures
  Arachne (Spider:2)
  Frances (Spider:1)
  Roxanne (Spider:1)
  Donald (Spider:1)
  An orc warlord (Orc:2)
  An emperor scorpion (Spider:2)
  A stone giant (Orc:1)
  9 entropy weavers
  A red draconian (Volcano)
  2 spark wasps (Spider:3)
  Azrael (Spider:2)
  Snorg (Lair:3)
  Josephine (Orc:2)
  4 vault guards (D:14)
  Erolcha (D:9)
  3 ghost crabs (D:14)
  3 hydras
  4 catoblepae
  2 centaur warriors (D:13)
  2 ogre magi
  Erica (D:9)
  2 alligators (Lair:5)
  15 two-headed ogres
  15 death yaks
  An orc high priest (Orc:2)
  Urug (Lair:3)
  Sonja (Lair:6)
  5 fire crabs (D:14)
  5 unseen horrors
  2 swamp dragons (Lair:5)
  4 wizards (D:15)
  An orange crystal statue (Lair:4)
  A necromancer (IceCv)
  4 orc knights
  2 lindwurms
  Pikel (D:7)
  3 oklob plants (Lair:3)
  An ugly thing (D:11)
  13 wolf spiders
  9 orb spiders
  2 deep elf magi
  4 cyclopes
  An orc sorcerer (Orc:2)
  3 merfolk sirens (Lair:3)
  4 manticores
  6 elephants
  3 ice statues (IceCv)
  2 moths of wrath
  Maurice (D:10)
  An apocalypse crab (D:14)
  A molten gargoyle (Volcano)
  A spiny frog (shapeshifter) (D:10)
  5 black mambas
  2 torpor snails
  A gargoyle (D:15)
  6 spiny frogs
  A yaktaur (D:15)
  A kobold demonologist (D:14)
  A yaktaur (shapeshifter) (D:14)
  3 demonic crawlers
  A freezing wraith (D:15)
  7 ice devils (IceCv)
  6 komodo dragons
  A queen bee (D:11)
  7 trolls
  2 tengu conjurers (D:14)
  29 jumping spiders
  3 meliai (D:15)
  6 hornets
  A merfolk (Lair:3)
  24 blink frogs
  10 hippogriffs
  5 dream sheep (Lair:6)
  4 slime creatures
  A dream sheep (shapeshifter) (D:15)
  A vampire (D:13)
  4 wraiths
  57 redbacks
  3 fire elementals (Spider:2)
  2 wyverns
  A shadow (D:13)
  24 tarantellas
  3 basilisks
  A water elemental (D:14)
  7 fire bats (Volcano)
  49 yaks
  2 steam dragons
  A hungry ghost (D:13)
  A two-headed ogre zombie (D:12)
  4 acid dragons
  4 wargs
  4 swamp worms (Lair:5)
  A hell hound (Spider:2)
  A warg (shapeshifter) (D:15)
  10 water moccasins
  4 porcupines
  37 orc warriors
  2 slaves (D:7)
  4 ice beasts
  5 sky beasts
  A necrophage (D:15)
  An eye of draining (D:13)
  5 phantoms
  12 ogres
  16 wolves
  15 centaurs
  A crocodile (shapeshifter) (D:14)
  4 crocodiles
  14 bullfrogs
  A wyvern skeleton (D:13)
  8 gnoll sergeants (Bailey)
  4 scorpions
  38 killer bees
  3 troll zombies (D:12)
  8 wights
  9 lava snakes
  9 howler monkeys
  2 centaur zombies
  A draconian simulacrum (IceCv)
  5 crimson imps
  2 quasits
  3 bullfrog zombies
  8 hounds
  4 jellies
  26 orc priests
  3 bullfrog skeletons
  31 orc wizards
  A centaur skeleton (D:10)
  Terence (D:3)
  6 gnoll shamans (Bailey)
  4 iguanas
  11 worker ants
  2 spriggan simulacra (IceCv)
  A troll simulacrum (IceCv)
  4 ogre zombies (D:12)
  3 centaur simulacra (IceCv)
  A hound zombie (D:6)
  A worker ant zombie (D:5)
  14 adders
  26 gnolls
  A howler monkey skeleton (D:6)
  2 naga simulacra (IceCv)
  An ogre simulacrum (IceCv)
  5 shadow imps
  12 white imps (D:12)
  An adder skeleton (D:4)
  3 worms
  3 dart slugs
  4 leopard geckos
  115 orcs
  6 bats
  4 giant cockroaches
  7 goblins
  8 hobgoblins
  16 jackals
  4 quokkas
  2 ball pythons
  9 frilled lizards
  2 goblin skeletons (D:12)
  3 goblin zombies (D:12)
  A hobgoblin skeleton (D:12)
  A hobgoblin zombie (D:12)
  A jackal skeleton (D:4)
  5 kobolds
  A leopard gecko skeleton (D:4)
  An orc skeleton (D:12)
  16 orc zombies (D:12)
  A quokka zombie (D:5)
  3 rats
  2 fungi
  4 plants
1069 creatures vanquished.

Vanquished Creatures (collateral kills)
  An orc knight (Orc:1)
  A hornet (Spider:1)
  A redback (Spider:1)
  An orc priest (Orc:1)
  An orc (Orc:1)
5 creatures vanquished.

Vanquished Creatures (others)
  A blink frog (Lair:5)
  A hungry ghost (D:12)
  An orc priest (Orc:2)
  2 orcs
  An orc zombie (D:12)
  4 fungi
  4 plants
14 creatures vanquished.

Grand Total: 1088 creatures vanquished

Notes
Turn   | Place    | Note
-------+----------+-------------------------------------------
     0 | D:1      | Cykl0x the Minotaur Fighter began the quest for the Orb.
     0 | D:1      | Reached XP level 1. HP: 19/19 MP: 0/0
   123 | D:1      | Reached XP level 2. HP: 25/27 MP: 1/1
   765 | D:2      | Reached XP level 3. HP: 22/33 MP: 2/2
   768 | D:2      | Reached skill level 1 in Dodging
   769 | D:2      | Reached skill level 4 in Shields
   930 | D:2      | Reached XP level 4. HP: 31/40 MP: 3/3
  1511 | D:2      | Found a sparkling altar of Nemelex Xobeh.
  1881 | D:3      | Noticed Terence
  1889 | D:3      | Killed Terence
  1889 | D:3      | Reached XP level 5. HP: 40/46 MP: 4/4
  2765 | D:4      | Noticed a centaur
  2778 | D:4      | Killed a centaur
  2778 | D:4      | Reached skill level 5 in Axes
  2941 | D:4      | Reached XP level 6. HP: 18/52 MP: 5/5
  3310 | D:4      | Noticed a water moccasin
  3320 | D:4      | Killed a water moccasin
  3320 | D:4      | Reached skill level 5 in Armour
  3522 | D:4      | Reached skill level 1 in Throwing
  3543 | D:4      | Reached XP level 7. HP: 44/60 MP: 6/6
  4002 | D:5      | Entered Level 5 of the Dungeon
  4062 | D:5      | Gained mutation: You are dopey. (Int -2) [potion of
                  | mutation]
  4062 | D:5      | Lost mutation: You are dopey. (Int -2) [potion of mutation]
  4062 | D:5      | Gained mutation: You have an increased reservoir of magic.
                  | (+10% MP) [potion of mutation]
  4063 | D:5      | Lost mutation: You have an increased reservoir of magic.
                  | (+10% MP) [potion of mutation]
  4063 | D:5      | Gained mutation: You are agile. (Dex +2) [potion of
                  | mutation]
  4063 | D:5      | Gained mutation: Your body sometimes deteriorates upon
                  | taking damage. [potion of mutation]
  4063 | D:5      | Gained mutation: You have a pair of large horns on your
                  | head. [potion of mutation]
  4063 | D:5      | Gained mutation: You have a beak for a mouth. [potion of
                  | mutation]
  4079 | D:5      | Reached skill level 5 in Shields
  4561 | D:5      | Reached XP level 8. HP: 63/67 MP: 7/7
  5132 | D:6      | Reached skill level 5 in Fighting
  5164 | D:6      | Reached skill level 6 in Shields
  5575 | D:6      | Found a staircase to the Ecumenical Temple.
  5602 | Temple   | Entered the Ecumenical Temple
  5613 | Temple   | Became a worshipper of Makhleb the Destroyer
  6149 | D:7      | Reached skill level 1 in Invocations
  6156 | D:7      | Reached XP level 9. HP: 18/74 MP: 8/8
  6548 | D:7      | Reached skill level 5 in Dodging
  6561 | D:7      | HP: 2/74 [orc warrior/+0 mace (5)]
  6936 | D:7      | Reached skill level 10 in Axes
  7373 | D:7      | Noticed Pikel
  7395 | D:7      | Killed Pikel
  7445 | D:7      | Reached * piety under Makhleb
  8309 | D:9      | Noticed Erolcha
  8309 | D:9      | Noticed a two-headed ogre
  8309 | D:9      | Noticed a two-headed ogre
  8460 | D:9      | Reached XP level 10. HP: 82/82 MP: 10/10
  8473 | D:9      | Noticed Erica
  8485 | D:9      | Killed Erica
  8485 | D:9      | Reached skill level 7 in Shields
  8523 | D:9      | Found Feuquet's General Store.
  8535 | D:9      | Killed a two-headed ogre
  8556 | D:9      | Killed Erolcha
  8560 | D:9      | Bought a scroll of random uselessness for 15 gold pieces
  8560 | D:9      | Bought a scroll of remove curse for 45 gold pieces
  8824 | D:9      | Noticed a two-headed ogre
  8831 | D:9      | Killed a two-headed ogre
  8831 | D:9      | Reached ** piety under Makhleb
  9306 | D:9      | Killed a two-headed ogre
  9306 | D:9      | Reached XP level 11. HP: 89/89 MP: 11/13
  9358 | D:9      | Reached skill level 1 in Stealth
  9362 | D:9      | Reached skill level 8 in Shields
  9686 | D:10     | Entered Level 10 of the Dungeon
  9810 | D:10     | Reached *** piety under Makhleb
 10118 | D:10     | Found a staircase to the Lair.
 10144 | D:10     | Noticed Maurice
 10154 | D:10     | Killed Maurice
 10254 | D:10     | Reached skill level 5 in Invocations
 10365 | D:10     | Noticed a two-headed ogre
 10371 | D:10     | Killed a two-headed ogre
 10779 | D:11     | HP: 3/92 [queen bee (5)]
 10928 | D:11     | Reached **** piety under Makhleb
 11144 | D:11     | Paralysed by a hornet for 2 turns
 11146 | D:11     | Noticed a cyan ugly thing
 11155 | D:11     | Reached skill level 9 in Shields
 11163 | D:11     | Killed a cyan ugly thing
 11775 | D:11     | Lost mutation: You have a pair of large horns on your head.
                  | [potion of mutation]
 11775 | D:11     | Lost mutation: Your body sometimes deteriorates upon taking
                  | damage. [potion of mutation]
 11775 | D:11     | Gained mutation: Your spells are a little harder to cast,
                  | but a little more powerful. [potion of mutation]
 11775 | D:11     | Gained mutation: You are dopey. (Int -2) [potion of
                  | mutation]
 11775 | D:11     | Gained mutation: You have sharp toenails. [potion of
                  | mutation]
 12194 | D:12     | Found a staircase to the Orcish Mines.
 12216 | D:12     | Reached XP level 12. HP: 89/100 MP: 15/15
 12287 | D:12     | Reached skill level 15 in Axes
 12307 | D:12     | Noticed a two-headed ogre
 12313 | D:12     | Killed a two-headed ogre
 12316 | D:12     | Reached ***** piety under Makhleb
 12393 | D:12     | Got an ivory war axe
 12394 | D:12     | Identified the +8 war axe of Haapy {freeze, rElec rN+ Str-3
                  | Int+2} (You found it on level 12 of the Dungeon)
 12414 | D:12     | Found a frozen archway.
 12436 | IceCv    | Entered an ice cave
 13276 | D:13     | Noticed a centaur warrior
 13283 | D:13     | Killed a centaur warrior
 13285 | D:13     | Found a basalt altar of Yredelemnul.
 13425 | D:13     | Got a steaming war axe
 13426 | D:13     | Identified the cursed +3 war axe of Untruth {chop, *Noise
                  | MR+ Int+2 SInv} (You found it on level 13 of the Dungeon)
 13459 | D:13     | Found a flagged portal.
 13501 | Bailey   | Entered a bailey
 14022 | D:13     | Reached skill level 10 in Shields
 14116 | D:13     | Lost mutation: You are dopey. (Int -2) [potion of mutation]
 14116 | D:13     | Lost mutation: You are agile. (Dex +2) [potion of mutation]
 14116 | D:13     | Gained mutation: Your spells are harder to cast, but more
                  | powerful. [potion of mutation]
 14116 | D:13     | Gained mutation: You tend to lose your temper in combat.
                  | [potion of mutation]
 14116 | D:13     | Lost mutation: You tend to lose your temper in combat.
                  | [potion of mutation]
 14116 | D:13     | Gained mutation: You are surrounded by a mild repulsion
                  | field. (EV +2) [potion of mutation]
 14268 | D:13     | Reached XP level 13. HP: 108/108 MP: 17/17
 14294 | D:13     | Reached ****** piety under Makhleb
 14557 | D:14     | Found a gate to the Vaults.
 14561 | D:14     | Paralysed by a hornet for 3 turns
 14873 | D:14     | Found a runed translucent door.
 15067 | D:14     | Noticed an entropy weaver
 15080 | D:14     | Killed an entropy weaver
 15276 | D:14     | Noticed an entropy weaver
 15293 | D:14     | Killed an entropy weaver
 15293 | D:14     | Reached skill level 10 in Fighting
 15301 | D:14     | HP: 4/113 [fire crab (13)]
 15302 | D:14     | Reached skill level 10 in Armour
 15448 | D:14     | Noticed an entropy weaver
 15455 | D:14     | Killed an entropy weaver
 15455 | D:14     | Reached skill level 10 in Dodging
 15455 | D:14     | Reached skill level 11 in Shields
 15471 | D:14     | Noticed an entropy weaver
 15479 | D:14     | Killed an entropy weaver
 15544 | D:14     | Identified the Almanac of Ice and Transmigration
 15573 | D:14     | Identified Sif Muna's Collected Works on Dislocation and
                  | Summoning
 15754 | D:14     | Noticed a fire dragon
 15755 | D:14     | Found a runed translucent door.
 15755 | D:14     | Noticed a fire dragon
 15763 | D:14     | Noticed a vampire knight
 15807 | D:14     | Found a snail-covered altar of Cheibriados.
 15812 | D:14     | Reached XP level 14. HP: 121/121 MP: 19/19
 15874 | D:15     | Entered Level 15 of the Dungeon
 16262 | D:15     | Found a staircase to the Depths.
 16943 | Lair:1   | Entered Level 1 of the Lair of Beasts
 17090 | Lair:1   | Found a basalt altar of Yredelemnul.
 18039 | Lair:2   | Reached skill level 12 in Shields
 18221 | Lair:3   | Found a hole to the Spider Nest.
 18430 | Lair:3   | Found a staircase to the Shoals.
 18508 | Lair:3   | Noticed Snorg
 18514 | Lair:3   | Killed Snorg
 19079 | Lair:3   | Noticed Urug
 19084 | Lair:3   | Killed Urug
 19634 | Lair:4   | Found a runed translucent gate.
 19634 | Lair:4   | Found a runed translucent gate.
 19634 | Lair:4   | Found a runed translucent gate.
 19634 | Lair:4   | Noticed Meegle's ghost (journeyman DEFE)
 19834 | Lair:5   | Reached XP level 15. HP: 105/129 MP: 20/20
 19913 | Lair:5   | Reached skill level 13 in Shields
 20094 | Lair:5   | You fall through a shaft!
 20094 | Lair:6   | Entered Level 6 of the Lair of Beasts
 20836 | Lair:6   | Found a staircase to the Slime Pits.
 20941 | Lair:6   | Noticed Sonja
 20950 | Lair:6   | Killed Sonja
 21136 | Lair:6   | Reached skill level 10 in Invocations
 21406 | Lair:6   | Got a crude scimitar
 21407 | Lair:6   | Identified the cursed +1 scimitar of Doom {drain, +Rage
                  | rElec rF- Stlth+} (You found it on level 6 of the Lair of
                  | Beasts)
 22076 | Orc:1    | Entered Level 1 of the Orcish Mines
 22658 | Orc:2    | Entered Level 2 of the Orcish Mines
 22694 | Orc:2    | Found a roughly hewn altar of Beogh.
 22826 | Orc:2    | Found a dark tunnel.
 22869 | Volcano  | Entered a volcano
 22974 | Volcano  | Found a bloodstained altar of Trog.
 22982 | Volcano  | Reached XP level 16. HP: 107/139 MP: 22/22
 22999 | Volcano  | Reached skill level 14 in Shields
 23160 | Volcano  | Reached skill level 1 in Unarmed Combat
 23160 | Volcano  | Reached skill level 1 in Evocations
 23160 | Volcano  | Reached XP level 17. HP: 146/146 MP: 23/23
 23318 | Orc:2    | Found a roughly hewn altar of Beogh.
 23469 | Orc:2    | Noticed Josephine
 23481 | Orc:2    | Killed Josephine
 23565 | Orc:2    | Found a staircase to the Elven Halls.
 23586 | Orc:2    | Found a roughly hewn altar of Beogh.
 23591 | Orc:2    | Found Voamn's Book Shop.
 23610 | Orc:2    | Bought a manual of Shields for 1656 gold pieces
 23831 | Orc:2    | Found a roughly hewn altar of Beogh.
 23845 | Orc:2    | Found Teumep's General Store.
 23944 | Orc:2    | Found Nyruklargh's Gadget Boutique.
 23991 | Orc:2    | Found a roughly hewn altar of Beogh.
 24123 | Orc:2    | Found Romohaje's Antique Armour Shop.
 24128 | Orc:2    | Found a roughly hewn altar of Beogh.
 24140 | Orc:2    | Found Rutwow's Antique Weapon Boutique.
 24157 | Orc:2    | Reached skill level 15 in Shields
 24553 | Spider:1 | Entered Level 1 of the Spider Nest
 24598 | Spider:1 | Identified Roxanne's Tome of the Rocks
 24598 | Spider:1 | Noticed Roxanne
 24658 | Spider:1 | Noticed Frances
 24670 | Spider:1 | Killed Frances
 24670 | Spider:1 | Reached skill level 16 in Shields
 24808 | Spider:1 | Reached skill level 17 in Shields
 25046 | Spider:1 | Reached skill level 18 in Shields
 25057 | Spider:1 | Noticed Donald
 25073 | Spider:1 | Killed Donald
 25620 | Spider:1 | Killed Roxanne
 25620 | Spider:1 | Reached skill level 19 in Shields
 26095 | Spider:2 | Noticed Azrael
 26106 | Spider:2 | Killed Azrael
 26506 | Spider:2 | Noticed Arachne
 26537 | Spider:2 | Killed Arachne
 26537 | Spider:2 | Reached skill level 20 in Shields
 27478 | Spider:4 | Entered Level 4 of the Spider Nest
 27522 | Spider:4 | Reached XP level 18. HP: 155/155 MP: 24/24
 27785 | Spider:4 | Slain by a wolf spider

Skill      XL: |  1  2  3  4  5  6  7  8  9 10 11 12 13 14 15 16 17 |
---------------+----------------------------------------------------+-----
Axes           | 3 4 5 6 7 9 11 13 14 16 17 18 19 | 19.4
Armour         | 4 5 6 7 8 9 10 11 12 | 12.2
Dodging        | 1 2 3 4 5 7 8 9 10 11 12 | 12.3
Shields        | 4 5 6 7 9 10 11 12 13 14 20 | 20.7
Fighting       | 4 5 6 7 8 10 11 12 | 12.3
Throwing       | 1 3 4 |  4.5
Invocations    | 1 2 4 5 7 8 9 10 | 10.6
Stealth        | 1 |  1.3
Unarmed Combat | 1 |  1.2
Evocations     | 1 |  1.1
Long Blades    | |  0.5

Action                   |  1- 3 |  4- 6 |  7- 9 | 10-12 | 13-15 | 16-18 || total
-------------------------+-------+-------+-------+-------+-------+-------++-------
Melee: War axe           |    52 |   109 |    18 |   220 |   971 |   608 ||  1978
       Headbutt          |    11 |    18 |    46 |   130 |   215 |   129 ||   549
       Hand axe          |       |       |    80 |       |       |       ||    80
       Peck              |       |       |    35 |   135 |   206 |   121 ||   497
       Broad axe         |       |       |   215 |   464 |       |       ||   679
       Kick              |       |       |       |    96 |   281 |   182 ||   559
       Scimitar          |       |       |       |       |     7 |       ||     7
Throw: Stone             |       |    56 |     6 |       |       |       ||    62
       Tomahawk          |       |       |    17 |    35 |    48 |    13 ||   113
Invok: Greater Servant o |       |       |       |       |     1 |       ||     1
       Lesser Servant of |       |       |       |       |       |     2 ||     2
Evoke: Wand              |       |       |     1 |     1 |       |     2 ||     4
  Use: Scroll            |     2 |     9 |     7 |     9 |    12 |     6 ||    45
       Potion            |       |     2 |     4 |     5 |     5 |     8 ||    24
  Eat: Chunk             |       |     7 |    29 |    12 |    26 |    14 ||    88
       Ration            |       |       |       |       |     1 |     1 ||     2
Armor: Scale mail        |    34 |    15 |       |       |       |       ||    49
       Chain mail        |       |    16 |     3 |   201 |       |       ||   220
       Plate armour      |       |       |   134 |    93 |   316 |   250 ||   793
Dodge: Dodged            |    25 |    36 |    94 |   241 |   274 |   276 ||   946
       Deflected         |       |       |     1 |    17 |    13 |     3 ||    34
Block: Shield            |    37 |    49 |   195 |   469 |    62 |       ||   812
       Large shield      |       |       |       |       |   729 |   845 ||  1574
